 Dungeon Crawl Stone Soup version 0.17-a0-1804-gf6433eb (webtiles) character file.

256 luca467 the Insei (level 5, -4/42 HPs)
             Began as a Demonspawn Monk on Sept 11, 2015.
             Slain by an orc priest
             ... wielding a +0 whip
              (6 damage)
             ... on level 3 of the Dungeon.
             The game lasted 00:10:26 (2407 turns).

luca467 the Insei (Demonspawn Monk)                 Turns: 2407, Time: 00:10:26

Health: -4/42      AC:  2    Str: 11    XL:     5   Next: 92%
Magic:  5/5        EV: 14    Int: 11    God:
Gold:   70         SH:  0    Dex: 17    Spells: 0 memorised, 4 levels left

rFire  . . .     SeeInvis .       - Unarmed
rCold  . . .     Clarity  .     a - +0 robe
rNeg   . . .     SustAt   .     (no shield)
rPois  .         Gourm    .     (helmet restricted)
rElec  .         Spirit   .     (no cloak)
rCorr  .         Warding  .     (no gloves)
rMut   .         Stasis   .     (no boots)
MR     .....                    (no amulet)
Stlth  +++.......               (no ring)
                                (no ring)

@: not resistant to hostile enchantments, fairly stealthy
A: antennae 1, nightstalker 1, powered by death 1
a: no special abilities


You were on level 3 of the Dungeon.
You were not hungry.

You visited 1 branch of the dungeon, and saw 3 of its levels.

You collected 70 gold pieces.

Inventory:

Armour
 a - a +0 robe (worn)
Magical devices
 d - a wand of digging (18)
Scrolls
 f - 2 scrolls of enchant armour {unknown}
 g - 4 scrolls of identify {unknown}
 i - a scroll of fear {unknown}
 k - a scroll of fog {unknown}
 n - a scroll of teleportation {unknown}
 p - a scroll of remove curse {unknown}
 q - a scroll of amnesia {unknown}
Potions
 c - 3 potions of curing {unknown}
 e - a potion of brilliance {unknown}
 h - a potion of heal wounds
 l - a potion of haste {unknown}
 o - 2 potions of berserk rage {unknown}
Books
 m - a book of Fire

   Spells                             Type                      Level
   a - Ignite Poison                  Fire/Transmutation/Poison    3
   b - Fireball                       Conjuration/Fire             5
   c - Bolt of Fire                   Conjuration/Fire             6
   d - Delayed Fireball               Conjuration/Fire             7
   e - Ring of Flames                 Charms/Fire                  7
Comestibles
 b - 2 bread rations
 j - a meat ration


   Skills:
 + Level 4.2 Fighting
 + Level 3.7 Dodging
 + Level 2.8 Stealth
 * Level 4.9 Unarmed Combat


You had 4 spell levels left.
You didn't know any spells.

Dungeon Overview and Level Annotations

Branches:
Dungeon (3/15)

Altars:


Innate Abilities, Weirdness & Mutations

You have a pair of small antennae on your head.
You are slightly more attuned to the shadows.
You regenerate a little health from kills.


Message History

The hobgoblin hits you but does no damage.
The goblin closely misses you.
You closely miss the orc. The goblin closely misses you.
The orc priest invokes the aid of Beogh against you.
Something smites you!
* * * LOW HITPOINT WARNING * * *
The goblin misses you. The hobgoblin closely misses you.
The hobgoblin barely misses you.
You hit the orc but do no damage. The goblin completely misses you.
The goblin barely misses you. The orc priest closely misses you.
The goblin hits you but does no damage. The hobgoblin hits you.
* * * LOW HITPOINT WARNING * * *
The goblin closely misses you. The orc priest barely misses you.
You see here a stone.
You hit the orc priest.
The orc priest is almost dead.
The hobgoblin hits you with a club.
* * * LOW HITPOINT WARNING * * *
The goblin misses you. The orc priest hits you with a whip.
You die...

############
≈≈....≈≈≈≈≈≈≈≈≈≈≈≈≈≈≈≈≈≈
≈.....≈≈≈≈≈≈≈≈≈≈≈≈≈≈≈≈≈≈
≈≈....≈≈≈≈≈≈≈≈≈≈≈≈≈≈≈≈≈≈
.≈....≈≈≈≈≈≈≈.≈≈≈...≈≈≈≈
........................
.......go...............
###.og.g.....####.#####
.....oo@g..........#
.....#g.......######
##### ##.#...##.....#
...<# # ##..##.....#
.....# ....##.....# ###
.....# .##..######## #..
.....# .......# #..
....#. #..).# ########..
#####.# #
##....####.........


You could see an orc priest, an orc wizard, 2 orcs, 2 hobgoblins and 3 goblins.

Vanquished Creatures
  Sigmund (D:2)
  Jessica (D:2)
  Terence (D:2)
  An ooze (D:1)
  A worm (D:2)
  2 giant geckos (D:1)
  4 orcs (D:3)
  A giant cockroach (D:2)
  7 goblins
  5 hobgoblins
  3 quokkas
  2 bats (D:1)
  6 giant newts
  A kobold (D:2)
  6 rats
42 creatures vanquished.

Notes
Turn   | Place    | Note
--------------------------------------------------------------
     0 | D:1      | luca467 the Demonspawn Monk began the quest for the Orb.
     0 | D:1      | Reached XP level 1. HP: 18/18 MP: 1/1
   192 | D:1      | Gained mutation: You are slightly more attuned to the shadows. [demonic ancestry]
   192 | D:1      | Reached XP level 2. HP: 6/24 MP: 2/2
   912 | D:2      | Noticed Jessica
  1050 | D:2      | Noticed Terence
  1051 | D:2      | Noticed Sigmund
  1311 | D:2      | HP: 1/24 [Terence/falchion (2)]
  1314 | D:2      | Killed Terence
  1314 | D:2      | Reached skill level 4 in Unarmed Combat
  1314 | D:2      | Gained mutation: You have a pair of small antennae on your head. [demonic ancestry]
  1314 | D:2      | Reached XP level 3. HP: 1/29 MP: 3/3
  1716 | D:2      | Killed Jessica
  1716 | D:2      | Gained mutation: You regenerate a little health from kills. [demonic ancestry]
  1716 | D:2      | Reached XP level 4. HP: 31/36 MP: 4/4
  2074 | D:2      | Killed Sigmund
  2074 | D:2      | Reached XP level 5. HP: 19/42 MP: 5/5
  2407 | D:3      | HP: 2/42 [hobgoblin/club (2)]
  2407 | D:3      | Slain by an orc priest

Vault maps used:
D:1:      dpeg_arrival_arbitrary_c, minmay_fountain_box, hangedman_decor_lopped,
          item_on_display_a
D:2:      kennysheep_big_flooded_room, uniq_sigmund, uniq_terence, uniq_jessica
D:3:      minmay_goblin_kobold_castle, lemuel_coloured_pillars_altar

Action                   |  1- 3 |  4- 6 || total
-------------------------+-------+-------++-------
Melee: Unarmed           |    94 |    98 ||   192
  Use: Potion            |       |     1 ||     1
 Stab: Sleeping          |     7 |     5 ||    12
  Eat: Chunk             |     1 |       ||     1
       Meat ration       |     1 |       ||     1
